 Dungeon Crawl Stone Soup version 0.25-a0-1133-g93ebf73 (webtiles) character file.

Game seed: 13006623596416025799, levelgen mode: deterministic

261 thirtiethelement the Skirmisher (level 5, 0/42 HPs)
             Began as a Demonspawn Abyssal Knight on May 22, 2020.
             Was a Believer of Lugonu.
             Slain by Grinder (3 damage)
             ... while paralysed by Grinder
             ... on level 4 of the Dungeon.
             The game lasted 00:16:38 (3298 turns).

thirtiethelement the Skirmisher (DsAK)              Turns: 3298, Time: 00:16:38

Health: 0/42       AC:  4    Str: 13    XL:     5   Next: 96%
Magic:  7/7        EV:  2    Int: 14    God:    Lugonu [**....]
Gold:   178        SH:  0    Dex: 12    Spells: 4/4 levels left

rFire    . . .     SeeInvis .   a - +1 falchion
rCold    . . .     Gourm    .   f - +0 buckler (curse)
rNeg     . . .     Faith    .   b - +0 leather armour
rPois    .         Spirit   .   (no helmet)
rElec    .         Reflect  .   e - +0 cloak
rCorr    .         Harm     .   (no gloves)
MR       .....                  (no boots)
Stlth    +.........             (no amulet)
HPRegen  0.14/turn              l - -4 ring of slaying (curse)
MPRegen  0.10/turn              g - +4 ring of slaying

@: paralysed
A: demonic guardian 1, spiny 1
a: Depart the Abyss, Bend Space, Renounce Religion


You were on level 4 of the Dungeon.
You worshipped Lugonu.
Lugonu was pleased with you.
You were not hungry.

You visited 1 branch of the dungeon, and saw 4 of its levels.
You visited the Abyss 1 time.
You also visited: Sewer.

You collected 178 gold pieces.

Inventory:

Hand Weapons
 a - a +1 falchion (weapon)
Missiles
 q - 14 poisoned darts (quivered)
Armour
 b - a +0 leather armour (worn)
 e - a +0 cloak (worn)
 f - a cursed +0 buckler (worn)
Jewellery
 g - a +4 ring of slaying (right hand)
 l - a cursed -4 ring of slaying (left hand)
Wands
 i - a wand of disintegration (13)
Scrolls
 c - 3 scrolls of teleportation
 h - 2 scrolls of identify
 n - a scroll of noise {unknown}
Potions
 d - a potion of might
 j - a potion of stabbing {unknown}
 k - a potion of degeneration {unknown}
 m - 2 potions of lignification {unknown}
 o - 2 potions of curing {unknown}
 p - 3 potions of flight {unknown}
Comestibles
 r - 3 chunks of flesh


   Skills:
 + Level 3.8 Fighting
 + Level 3.5 Long Blades
 + Level 3.0 Armour
 + Level 1.9 Dodging
 + Level 1.1 Stealth
 + Level 0.9 Shields
 + Level 2.9 Invocations


You had 4 spell levels left.
You didn't know any spells.
Your spell library was empty.

Dungeon Overview and Level Annotations

Branches:
Dungeon (4/15)              Sewer (visited)
 Temple: D:4-7

Altars:
Cheibriados
Makhleb
Okawaru

Annotations:
D:4 Grinder


Innate Abilities, Weirdness & Mutations

A weak demonic guardian rushes to your aid.
You are partially covered in sharp spines.


Message History

The iguana hisses menacingly.
You block the iguana's attack.
You closely miss the iguana.
The iguana is severely wounded.
The iguana completely misses you. Grinder gestures at you.
Pain shoots through your body!
* * * LOW HITPOINT WARNING * * *
You slash the iguana!
You kill the iguana!
Lugonu accepts your kill.
Your Armour skill increases to level 3!
You slash Grinder!
Grinder is heavily wounded.
Grinder gestures at you.
You suddenly lose the ability to move!
Grinder is struck by your spines. Grinder hits you.
* * * LOW HITPOINT WARNING * * *
Grinder is struck by your spines. Grinder hits you.
You die...

#### ######### #...##
##.......######.....#
##..#####.##.......<..
##.#.#####.##.#........
##.###.#.......5........
#.## ##..##.##@#..>.....
##.###.####.##5.........
##.#.......######......
##.######## #...## #.#
#### #.### #...#
###.####... #...........


You could see Grinder and a friendly quasit (summoned).

Vanquished Creatures
  Terence (D:3)
  An iguana (D:4)
  2 adders (D:2)
  3 worms
  3 leopard geckos
  7 orcs
  3 ball pythons
  5 giant cockroaches
  8 goblins
  9 hobgoblins
  6 jackals
  5 kobolds
  5 bats
  2 frilled lizards (D:1)
  14 rats
74 creatures vanquished.

Vanquished Creatures (collateral kills)
  A big kobold (Sewer)
  A crimson imp (D:3)
  An orc priest (D:4)
  An iguana (D:4)
  2 kobolds (Sewer)
6 creatures vanquished.

Grand Total: 80 creatures vanquished

Notes
Turn   | Place    | Note
-------+----------+-------------------------------------------
     0 | Abyss:1  | thirtiethelement the Demonspawn Abyssal Knight began the
                  | quest for the Orb.
     0 | Abyss:1  | Reached XP level 1. HP: 18/18 MP: 2/2
    37 | Abyss:2  | Noticed a large abomination
    52 | D:1      | Escaped the Abyss
   286 | D:1      | Gained mutation: You are partially covered in sharp spines.
                  | [demonic ancestry]
   286 | D:1      | Reached XP level 2. HP: 15/24 MP: 3/3
   321 | D:1      | Reached * piety under Lugonu
   350 | D:1      | Reached skill level 1 in Dodging
   842 | D:2      | Found an iron altar of Okawaru.
   901 | D:2      | Reached XP level 3. HP: 15/29 MP: 5/5
   934 | D:2      | HP: 1/29 [poisoned by an adder]
  1516 | D:2      | Found a snail-covered altar of Cheibriados.
  1976 | D:3      | Gained mutation: A weak demonic guardian rushes to your
                  | aid. [demonic ancestry]
  1976 | D:3      | Reached XP level 4. HP: 36/36 MP: 6/6
  2084 | D:3      | Found a glowing drain.
  2095 | D:3      | Reached ** piety under Lugonu
  2231 | Sewer    | Entered a sewer
  2279 | Sewer    | Noticed a big kobold
  2303 | Sewer    | Killed a big kobold
  2324 | Sewer    | Found a white marble altar of Elyvilon.
  2470 | D:3      | Found a burning altar of Makhleb.
  2475 | D:3      | Reached XP level 5. HP: 42/42 MP: 7/7
  2647 | D:3      | Noticed Terence
  2714 | D:3      | Killed Terence
  2714 | D:3      | Reached skill level 1 in Stealth
  3270 | D:4      | Noticed Grinder
  3287 | D:4      | Paralysed by Grinder for 5 turns
  3296 | D:4      | Paralysed by Grinder for 3 turns
  3298 | D:4      | Slain by Grinder

Illustrated notes

Levels and vault maps discovered:
D:1:      sevenhm_arrival_forest_fort_small_4, layout_basic
D:2:      layout_basic, okawaru_ov_weapons_minmay, lemuel_crystal_altar
D:3:      layout_basic, makhleb_grotto_becter, cheibrodos_sewer_entry_drain,
          uniq_terence
D:4:      layout_loops_cross, first_ration, uniq_grinder

Skill      XL: |  1  2  3  4  5 |
---------------+----------------+-----
Dodging        | 1 |  1.9
Long Blades    | 2 3 |  3.5
Armour         | 2 3 |  3.0
Stealth        | 1 |  1.1
Fighting       | |  3.8
Shields        | |  0.9
Invocations    | |  2.9

Action                   |  1- 3 |  4- 6 || total
-------------------------+-------+-------++-------
Melee: Falchion          |   102 |    80 ||   182
       Unarmed           |       |    18 ||    18
Invok: Depart the Abyss  |     1 |       ||     1
Evoke: Wand              |       |     2 ||     2
  Use: Scroll            |     8 |       ||     8
 Stab: Sleeping          |       |     2 ||     2
       Confused          |       |     1 ||     1
  Eat: Ration            |     1 |       ||     1
       Chunk             |       |     4 ||     4
Armor: Leather armour    |    29 |    15 ||    44
       Skin              |       |     2 ||     2
Dodge: Dodged            |    55 |    53 ||   108
Block: Buckler           |    17 |    12 ||    29
       Rpst.: Falchion   |    19 |     8 ||    27

Table legend:
 A = Non-vault XP
 B = Vault XP
 C = Vault XP percentage of total XP
 D = Non-vault monster count
 E = Vault monster count
 F = Vault count percentage of total count
                 A         B        C        D         E       F
            +---------+---------+-------+---------+---------+-------
      Total |     230 |     144 |  38.5 |      65 |      15 |  18.8
            +---------+---------+-------+---------+---------+-------
        D:1 |      32 |       0 |   0.0 |      19 |       0 |   0.0
        D:2 |      63 |       0 |   0.0 |      21 |       0 |   0.0
        D:3 |      30 |      88 |  74.6 |      16 |       6 |  27.3
        D:4 |     105 |       0 |   0.0 |       9 |       0 |   0.0
      Sewer |       0 |      56 | 100.0 |       0 |       9 | 100.0
            +---------+---------+-------+---------+---------+-------
